 Dungeon Crawl Stone Soup version 0.27.0-1-g7a089689b8 (webtiles) character file.

Game seed: 13417328774397527292

224 dtburroughs the Skirmisher (level 5, 0/47 HPs)
             Began as a Minotaur Berserker on Aug 16, 2021.
             Was a Priest of Trog.
             Killed from afar by Ijyb (26 damage)
             ... with a bolt of acid
             ... on level 4 of the Dungeon.
             The game lasted 00:04:28 (3288 turns).

dtburroughs the Skirmisher (Minotaur Berserker)     Turns: 3288, Time: 00:04:28

Health: 0/47       AC: 11    Str: 21    XL:     5   Next: 67%
Magic:  4/4        EV:  6    Int:  5    God:    Trog [***...]
Gold:   104        SH:  8    Dex: 10    Spells: 4/4 levels left

rFire    . . .     SeeInvis .   a - +0 hand axe
rCold    . . .     Faith    .   i - +0 kite shield
rNeg     . . .     Spirit   .   j - +0 chain mail
rPois    .         Reflect  .   q - +2 hat
rElec    .         Harm     .   (no cloak)
rCorr    .         Rampage  .   (no gloves)
Will     .....                  (no boots)
Stlth    ..........             (no amulet)
HPRegen  0.15/turn              (no ring)
MPRegen  0.09/turn              (no ring)

@: no status effects
A: horns 2, retaliatory headbutt
a: Renounce Religion, Berserk, Trog's Hand


You were on level 4 of the Dungeon.
You worshipped Trog.
Trog was most pleased with you.
You visited 1 branch of the dungeon, and saw 4 of its levels.

You collected 104 gold pieces.

Inventory:

Hand Weapons
 a - a +0 hand axe (weapon)
Armour
 b - a +0 animal skin
 i - a +0 kite shield (worn)
 j - a +0 chain mail (worn)
 q - a +2 hat (worn)
Jewellery
 m - a ring of fire
 r - a ring of fire
 s - an amulet of regeneration
Scrolls
 g - 2 scrolls of fog {unknown}
 h - 4 scrolls of identify {unknown}
 k - a scroll of teleportation {unknown}
 l - 2 scrolls of silence {unknown}
 o - a scroll of immolation {unknown}
 p - a scroll of noise {unknown}
Potions
 c - 3 potions of curing {unknown}
 d - a potion of flight {unknown}
 e - a potion of degeneration {unknown}
 f - 2 potions of cancellation {unknown}
 n - a potion of ambrosia {unknown}


   Skills:
 + Level 4.8 Fighting
 + Level 4.7 Axes
 + Level 3.9 Armour
 + Level 3.5 Dodging
 + Level 2.3 Shields


You had 4 spell levels left.
You didn't know any spells.
Your spell library was empty.

Dungeon Overview and Level Annotations

Branches:
Dungeon (4/15)
 Temple: D:4-7

Altars:
Kikubaaqudgha

Shops:
D:1 [

Annotations:
D:4 Ijyb


Innate Abilities, Weirdness & Mutations

You have a pair of horns on your head.
You reflexively headbutt those who attack you in melee.


Message History

The adder is heavily wounded.
The adder bites you but does no damage. You block the adder's attack.
You barely miss the adder. Your headbutt misses the adder.
The adder is heavily wounded.
The adder bites you but does no damage. x2
You hit the adder. You headbutt the adder.
You kill the adder!
Trog accepts your kill. You block the black bear's attack.
The black bear closely misses you. The black bear claws you.
You completely miss the black bear. You headbutt the black bear!
The black bear is moderately wounded.
The black bear bites you.
The black bear claws you but does no damage.
The black bear claws you.
You slash the black bear!
The black bear is heavily wounded.
The black bear bites you. The black bear barely misses you.
The black bear claws you but does no damage.
Your chain mail prevents you from hitting the black bear.
You headbutt the black bear.
The black bear is severely wounded.
You block the black bear's attack. The black bear barely misses you.
The black bear claws you but does no damage.
The black bear bites you but does no damage.
You block the black bear's attack. The black bear claws you.
You slash the black bear! You headbutt the black bear.
You kill the black bear!
Trog accepts your kill.
Your Shields skill increases to level 2!
You have reached level 5!
You hit Ijyb.
Ijyb is lightly wounded.
Ijyb screams, "It's all mine!"
Ijyb hits you but does no damage.
You hit Ijyb but do no damage.
Ijyb is lightly wounded.
Ijyb zaps a wand.
The bolt of acid hits you!!
Ouch! That really hurt!
You die...

#.# #.# #.# #.# #.#
#.# #.# ######
##.#####....#####.#
#......'....@gr...#
########....###......
#....# ..... #....#
.... #....# ...
###### .. .


You could see Ijyb and a quokka.

Vanquished Creatures
  A black bear (D:4)
  3 gnolls (D:4)
  3 adders
  A worm (D:3)
  A dart slug (D:2)
  2 ball pythons
  3 bats
  A bat zombie (D:3)
  5 endoplasms
  3 giant cockroaches
  3 goblins
  5 hobgoblins
  15 jackals
  A quokka (D:2)
  3 frilled lizards
  7 kobolds
  5 rats
  3 rat zombies (D:3)
65 creatures vanquished.

Notes
Turn   | Place    | Note
-------+----------+-------------------------------------------
     0 | D:1      | dtburroughs the Minotaur Berserker began the quest for the
                  | Orb.
     0 | D:1      | Reached XP level 1. HP: 19/19 MP: 0/0
   768 | D:1      | Reached XP level 2. HP: 24/27 MP: 1/1
   927 | D:1      | Found Remeosa's Armour Boutique.
  1638 | D:2      | Reached XP level 3. HP: 33/33 MP: 2/2
  1760 | D:2      | Reached ** piety under Trog
  2218 | D:2      | Reached skill level 1 in Shields
  2435 | D:3      | Reached XP level 4. HP: 40/40 MP: 3/3
  2981 | D:3      | Found an ancient bone altar of Kikubaaqudgha.
  3140 | D:4      | Reached *** piety under Trog
  3273 | D:4      | Noticed a black bear
  3278 | D:4      | Noticed Ijyb
  3286 | D:4      | Killed a black bear
  3287 | D:4      | Reached XP level 5. HP: 26/47 MP: 4/4
  3288 | D:4      | Killed from afar by Ijyb

Illustrated notes

Levels and vault maps discovered:
D:1:      roderic_dead_forest, layout_basic, serial_shops,
          nicolae_shop_statue_plus
D:2:      layout_loops_ring
D:3:      layout_basic, lemuel_zombie_altar_kikubaaqudgha, chequers_jeans,
          st_stairs_6
D:4:      layout_basic, amcnicky_altar_gilded, serial_shops, nicolae_shop_trees,
          nicolae_stop_n_shop_2, uniq_ijyb

Skill      XL: |  1  2  3  4 |
---------------+-------------+-----
Fighting       | 4 |  4.8
Axes           | 4 |  4.7
Armour         | 3 |  3.9
Shields        | 1 2 |  2.3
Dodging        | 3 |  3.5

Action                   |  1- 3 |  4- 6 || total
-------------------------+-------+-------++-------
Melee: Hand axe          |   110 |    71 ||   181
       Headbutt          |    17 |    16 ||    33
Armor: Animal skin       |     4 |       ||     4
       Chain mail        |    49 |    74 ||   123
Dodge: Dodged            |    35 |    32 ||    67
Block: Kite shield       |    34 |    51 ||    85
